 Dungeon Crawl Stone Soup version 0.26.0-5-gb5863c6483 (webtiles) character file.

Game seed: 16144287562100912503

63 Destapler the Digger (level 4, -5/24 HPs)
             Began as a Gargoyle Earth Elementalist on Jan 10, 2021.
             Slain by Crazy Yiuf
             ... wielding a +2 quarterstaff of chaos
              (9 damage)
             ... on level 2 of the Dungeon.
             The game lasted 00:04:09 (1672 turns).

Destapler the Digger (Gargoyle Earth Elementalist)  Turns: 1672, Time: 00:04:10

Health: -5/24      AC:  8    Str: 13    XL:     4   Next: 9%
Magic:  3/7        EV: 17    Int: 15    God:
Gold:   119        SH:  0    Dex: 10    Spells: 6/7 levels left

rFire    . . .     SeeInvis .   a - +1 dagger (venom)
rCold    . . .     Faith    .   (no shield)
rNeg     + . .     Spirit   .   c - +0 robe
rPois    ∞         Reflect  .   (no helmet)
rElec    +         Harm     .   q - +0 cloak
rCorr    .         Rampage  .   e - +0 pair of gloves
Will     .....                  d - +0 pair of boots
Stlth    ++........             (no amulet)
HPRegen  0.08/turn              (no ring)
MPRegen  0.10/turn              (no ring)

@: agile, slowed, very slow
A: negative energy resistance 1, electricity resistance, unbreathing,
petrification resistance, miasma immunity, AC +3
a: no special abilities


You were on level 2 of the Dungeon.
You visited 1 branch of the dungeon, and saw 2 of its levels.

You collected 119 gold pieces.

Inventory:

Hand Weapons
 a - a +1 dagger of venom (weapon)
Missiles
 b - 94 stones
 j - 12 poisoned darts
 o - 5 boomerangs
 s - a throwing net
Armour
 c - a +0 robe (worn)
 d - a +0 pair of boots (worn)
 e - a +0 pair of gloves (worn)
 q - a +0 cloak (worn)
Scrolls
 h - 5 scrolls of identify {unknown}
 i - a scroll of fear {unknown}
 l - a scroll of enchant weapon {unknown}
 r - a scroll of noise {unknown}
 t - a scroll of magic mapping {unknown}
 u - a scroll of teleportation {unknown}
Potions
 f - 2 potions of haste {unknown}
 g - 2 potions of heal wounds {unknown}
 k - a potion of brilliance {unknown}
 m - a potion of flight {unknown}
 n - 2 potions of attraction {unknown}
 p - 2 potions of invisibility {unknown}


   Skills:
 + Level 0.8 Fighting
 + Level 0.7 Short Blades
 - Level 2.0 Dodging
 + Level 2.9 Stealth
 + Level 2.3 Spellcasting
 + Level 1.3 Transmutations
 + Level 4.1 Earth Magic


You had 6 spell levels left.
You knew the following spells:

 Your Spells              Type           Power        Failure   Level
a - Sandblast             Erth           28%          4%          1

Your spell library contained the following spells:

 Spells                   Type           Power        Failure   Level
 Passwall                 Tmut/Erth      7%           11%         2
 Magic Dart               Conj           4%           22%         1
 Stone Arrow              Conj/Erth      14%          28%         3
 Blink                    Tloc           N/A          32%         2
 Call Imp                 Summ           1%           32%         2
 Slow                     Hex            1%           32%         2
 Conjure Flame            Conj/Fire      1%           54%         3
 Mephitic Cloud           Conj/Pois/Air  1%           54%         3
 Petrify                  Tmut/Erth      9%           56%         4
 Lee's Rapid Deconstruct  Erth           7%           73%         5


Dungeon Overview and Level Annotations

Branches:
Dungeon (2/15)

Altars:

Annotations:
D:2 Crazy Yiuf


Innate Abilities, Weirdness & Mutations

You are resistant to torment.
Your stone body is resilient. (AC +3)
You are immune to poison.
You resist negative energy. (rN+)
You are resistant to electric shocks. (rElec)
You can survive without breathing.
You are immune to petrification.
You are immune to miasma.


Message History

Crazy Yiuf hits you with a +2 quarterstaff of chaos.
You feel agile all of a sudden.
Your magical contamination has completely faded away.
You barely miss Crazy Yiuf.
Crazy Yiuf is moderately wounded.
Crazy Yiuf barely misses you.
You hit Crazy Yiuf.
Crazy Yiuf is poisoned.
Crazy Yiuf is moderately wounded.
Crazy Yiuf hits you with a +2 quarterstaff of chaos!
* * * LOW HITPOINT WARNING * * *
Crazy Yiuf closely misses you.
Casting: Sandblast (safe; 4% risk of failure)
Confirm with . or Enter, or press ? or * to list all spells.
Aiming: Sandblast (safe; 4% risk of failure)
Press: ? - help, Shift-Dir - straight line, f/p - Crazy Yiuf
Aim: Crazy Yiuf, wielding a +2 quarterstaff of chaos, wearing a +0 cloak and carrying a wand of random effects (13) (heavily wounded, very poisoned, 18% to evade)
The blast of sand hits Crazy Yiuf.
Crazy Yiuf is severely wounded.
Crazy Yiuf hits you with a +2 quarterstaff of chaos!
You die...

#.........#
#........# #..
#.#########
#......### #.. #.#
#......# ######
#.# ######.#
#..... #.# #.#
#..... #.####♣♣♣♣♣
#.###.....
#..#....♣.♣♣♣ ###
#.'.'..)..
##.......♣..♣#...#
#.###.....
#......♣♣♣♣@g...#
### #.....
##....♣♣ ♣♣#..)#
#..... ####♣♣ ###
#..... #.....
######


You could see Crazy Yiuf (very poisoned).

Vanquished Creatures
  An adder (D:2)
  An ooze (D:1)
  2 dart slugs (D:1)
  2 leopard geckos (D:2)
  A giant cockroach (D:1)
  5 hobgoblins
  3 jackals (D:1)
  3 kobolds (D:1)
  A quokka (D:2)
  6 bats
  6 frilled lizards
  4 goblins
  10 rats
45 creatures vanquished.

Notes
Turn   | Place    | Note
-------+----------+-------------------------------------------
     0 | D:1      | Destapler the Gargoyle Earth Elementalist began the quest
                  | for the Orb.
     0 | D:1      | Reached XP level 1. HP: 10/10 MP: 3/3
    77 | D:1      | Reached skill level 1 in Transmutations
    77 | D:1      | Reached XP level 2. HP: 15/15 MP: 3/5
   305 | D:1      | You fall into a shaft and drop 1 floor!
   521 | D:1      | Reached XP level 3. HP: 16/19 MP: 4/6
   685 | D:1      | Reached skill level 4 in Earth Magic
  1594 | D:2      | Reached XP level 4. HP: 23/24 MP: 7/7
  1658 | D:2      | Found a runed translucent door.
  1659 | D:2      | Noticed Crazy Yiuf
  1672 | D:2      | Slain by Crazy Yiuf

Illustrated notes

Levels and vault maps discovered:
D:1:      dpeg_arrival_simpleton_a, layout_loops_ring
D:2:      layout_basic, uniq_crazy_yiuf_cottage

Skill      XL: |  1  2  3 |
---------------+----------+-----
Transmutations | 1 |  1.3
Earth Magic    | 4 |  4.1
Dodging        | 2 |  2.0
Fighting       | |  0.8
Short Blades   | |  0.7
Stealth        | |  2.9
Spellcasting   | |  2.3

Action                   |  1- 3 |  4- 6 || total
-------------------------+-------+-------++-------
Melee: Unarmed           |    14 |       ||    14
       Dagger            |    77 |     5 ||    82
 Cast: Sandblast         |    12 |     4 ||    16
 Stab: Distracted        |     1 |       ||     1
       Sleeping          |     6 |       ||     6
Armor: Robe              |    29 |     2 ||    31
Dodge: Dodged            |    70 |     4 ||    74
